SNL (28 & UNDER)
SANTA FE DIABLOS @ MEMPHIS BLUES
08/31/2023
 
TOP OF THE 1ST
Santa Fe Diablos batting - Pitching for Memphis Blues : RHP Mario Torres
Pitching: RHP Mario Torres
Batting: RHB Henning Huisman 0-0: Called Strike
0-1: Ball
1-1: Ball
2-1: Ground out 4-3 (Groundball, 4M)
Batting: RHB Robinson Pacheco 0-0: Called Strike
0-1: Called Strike
0-2: Fly out, F8 (Flyball, 8LM)
Batting: RHB Wallace Greene 0-0: SINGLE (Groundball, 34D)
Batting: RHB Rafael Rincón 0-0: Ball
1-0: Foul Ball, location: 2F
1-1: Ball
2-1: Swinging Strike
2-2: Ball
3-2: Foul Ball, location: 2F
3-2: Ground out 4-3 (Groundball, 4)
Top of the 1st over - 0 run(s), 1 hit(s), 0 error(s), 1 left on base; Santa Fe 0 - Memphis 0
BOTTOM OF THE 1ST
Memphis Blues batting - Pitching for Santa Fe Diablos : LHP Sean Perry
Pitching: LHP Sean Perry
Batting: LHB Kieran Farris 0-0: Called Strike
0-1: Called Strike
0-2: Foul Ball, location: 2F
0-2: Ball
1-2: Strikes out swinging
Batting: RHB Jorge Fuentes 0-0: Ball
1-0: Ball
2-0: Ball
3-0: Base on Balls
Batting: RHB Cal Keys 0-0: Ball
1-0: Ball
2-0: Ball
3-0: Called Strike
3-1: Called Strike
3-2: Foul Ball, location: 2F
3-2: Base on Balls
Jorge Fuentes to second
Batting: LHB Félix García 0-0: Ball
1-0: Foul Ball, location: 2F
1-1: Ball
2-1: Ball
3-1: Foul Ball, location: 2F
3-2: DOUBLE (Flyball, 78D)
Jorge Fuentes scores
Cal Keys to third
Batting: LHB Arturo Rivera 0-0: Fly out, F8 (Flyball, 8LXD)
Runner from 3rd tags up, SCORES, no throw
Batting: RHB Sadao Kato 0-0: Called Strike
0-1: Ball
1-1: Ball
2-1: Ball
3-1: Ground out 5-3 (Groundball, 56)
Bottom of the 1st over - 2 run(s), 1 hit(s), 0 error(s), 1 left on base; Santa Fe 0 - Memphis 2
TOP OF THE 2ND
Santa Fe Diablos batting - Pitching for Memphis Blues : RHP Mario Torres
Batting: SHB António Hernández 0-0: Ball
1-0: Ground out 4-3 (Groundball, 4)
Batting: LHB Roberto Sandoval 0-0: Foul Ball, location: 2F
0-1: Called Strike
0-2: Foul Ball, location: 2F
0-2: Strikes out swinging
Batting: LHB Don Soper 0-0: Ball
1-0: Ball
2-0: Called Strike
2-1: Foul Ball, location: 2F
2-2: Fly out, F9 (Line Drive, 9M)
Top of the 2nd over - 0 run(s), 0 hit(s), 0 error(s), 0 left on base; Santa Fe 0 - Memphis 2
BOTTOM OF THE 2ND
Memphis Blues batting - Pitching for Santa Fe Diablos : LHP Sean Perry
Batting: RHB Dave Wookey 0-0: Ball
1-0: Ball
2-0: Ball
3-0: Foul Ball, location: 2F
3-1: Foul Ball, location: 2F
3-2: Strikes out swinging
Batting: RHB Glenn Johnson 0-0: Called Strike
0-1: Fly out, F8 (Flyball, 8RXD)
Batting: RHB Dale O'Feennaghty 0-0: Hit by Pitch
Batting: LHB Kieran Farris 0-0: Called Strike
0-1: Fly out, F4 (Line Drive, 34)
Bottom of the 2nd over - 0 run(s), 0 hit(s), 0 error(s), 1 left on base; Santa Fe 0 - Memphis 2
TOP OF THE 3RD
Santa Fe Diablos batting - Pitching for Memphis Blues : RHP Mario Torres
Batting: RHB Keith Jones 0-0: Ball
1-0: Foul Ball, location: 2F
1-1: Swinging Strike
1-2: Fly out, F7 (Flyball, 7LS)
Batting: RHB Richard Wilkins 0-0: Reached on error, E6 (Groundball, 6M)
Batting: RHB Henning Huisman 0-0: Called Strike
0-1: Called Strike
0-2: Ball
1-2: Strikes out swinging
Batting: RHB Robinson Pacheco 0-0: Ball
1-0: Ball
2-0: Foul Ball, location: 2F
2-1: Ball
3-1: Called Strike
3-2: Ground out 1-3 (Groundball, 15S)
Top of the 3rd over - 0 run(s), 0 hit(s), 1 error(s), 1 left on base; Santa Fe 0 - Memphis 2
BOTTOM OF THE 3RD
Memphis Blues batting - Pitching for Santa Fe Diablos : LHP Sean Perry
Batting: RHB Jorge Fuentes 0-0: Called Strike
0-1: Ball
1-1: Ball
2-1: Ball
3-1: Base on Balls
Batting: RHB Cal Keys 0-0: Ball
1-0: Called Strike
1-1: Ball
2-1: Ball
3-1: Foul Ball, location: 2F
3-2: Foul Ball, location: 2F
3-2: Foul Ball, location: 2F
3-2: Fly out, F9 (Flyball, 9LM)
Batting: LHB Félix García 0-0: Ball
1-0: Swinging Strike
1-1: Foul Ball, location: 2F
1-2: Strikes out swinging
Batting: LHB Arturo Rivera 0-0: Called Strike
Jorge Fuentes is caught stealing 2nd base
Bottom of the 3rd over - 0 run(s), 0 hit(s), 0 error(s), 0 left on base; Santa Fe 0 - Memphis 2
TOP OF THE 4TH
Santa Fe Diablos batting - Pitching for Memphis Blues : RHP Mario Torres
Batting: RHB Wallace Greene 0-0: Ball
1-0: Ball
2-0: Ball
3-0: Called Strike
3-1: Foul Ball, location: 2F
3-2: Base on Balls
Batting: RHB Rafael Rincón 0-0: Ball
1-0: Ball
2-0: Ball
3-0: Called Strike
3-1: Called Strike
3-2: Base on Balls
Wallace Greene to second
Batting: SHB António Hernández 0-0: Ball
1-0: Ball
2-0: TRIPLE (Flyball, 9LM)
Wallace Greene scores
Rafael Rincón scores
Batting: LHB Roberto Sandoval 0-0: Foul Ball, location: 2F
0-1: Ball
1-1: Foul Ball, location: 2F
1-2: Ball
2-2: Strikes out swinging
Batting: LHB Don Soper 0-0: Foul Ball, location: 2F
0-1: Called Strike
0-2: Foul Ball, location: 2F
0-2: Fly out, F8 (Flyball, 78M)
Runner from 3rd tags up, SCORES, no throw
Batting: RHB Keith Jones 0-0: Called Strike
0-1: Called Strike
0-2: Ball
1-2: Strikes out looking
Top of the 4th over - 3 run(s), 1 hit(s), 0 error(s), 0 left on base; Santa Fe 3 - Memphis 2
BOTTOM OF THE 4TH
Memphis Blues batting - Pitching for Santa Fe Diablos : LHP Sean Perry
Batting: LHB Arturo Rivera 0-0: Swinging Strike
0-1: Called Strike
0-2: Ball
1-2: Ground out 4-3 (Groundball, 4)
Batting: RHB Sadao Kato 0-0: Foul Ball, location: 2F
0-1: Foul Ball, location: 2F
0-2: Ground out 5-3 (Groundball, 5S)
Batting: RHB Dave Wookey 0-0: Ball
1-0: Ball
2-0: Ball
3-0: Base on Balls
Batting: RHB Glenn Johnson 0-0: Ball
1-0: Ground out 1-3 (Groundball, 13S)
Bottom of the 4th over - 0 run(s), 0 hit(s), 0 error(s), 1 left on base; Santa Fe 3 - Memphis 2
TOP OF THE 5TH
Santa Fe Diablos batting - Pitching for Memphis Blues : RHP Mario Torres
Batting: RHB Richard Wilkins 0-0: Ball
1-0: Foul Ball, location: 2F
1-1: Ball
2-1: Swinging Strike
2-2: Strikes out looking
Batting: RHB Henning Huisman 0-0: Foul Ball, location: 2F
0-1: Called Strike
0-2: Strikes out looking
Batting: RHB Robinson Pacheco 0-0: Called Strike
0-1: Ball
1-1: Called Strike
1-2: Ball
2-2: Foul Ball, location: 2F
2-2: Ball
3-2: SINGLE (Groundball, 6MD)
Batting: RHB Wallace Greene 0-0: Ball
1-0: Ground out 5-3 (Groundball, 56S)
Top of the 5th over - 0 run(s), 1 hit(s), 0 error(s), 1 left on base; Santa Fe 3 - Memphis 2
BOTTOM OF THE 5TH
Memphis Blues batting - Pitching for Santa Fe Diablos : LHP Sean Perry
Batting: RHB Dale O'Feennaghty 0-0: Foul Ball, location: 2F
0-1: Bunt for hit - play at first, batter OUT! 1-3
Batting: LHB Kieran Farris 0-0: Called Strike
0-1: Ball
1-1: SINGLE (Groundball, 56D)
Batting: RHB Jorge Fuentes 0-0: Ball
1-0: Called Strike
1-1: Swinging Strike
1-2: Ball
2-2: Strikes out swinging
Batting: RHB Cal Keys 0-0: Ball
1-0: Swinging Strike
1-1: Foul Ball, location: 2F
1-2: Strikes out looking
Bottom of the 5th over - 0 run(s), 1 hit(s), 0 error(s), 1 left on base; Santa Fe 3 - Memphis 2
TOP OF THE 6TH
Santa Fe Diablos batting - Pitching for Memphis Blues : RHP Mario Torres
Batting: RHB Rafael Rincón 0-0: Ball
1-0: Ball
2-0: Ball
3-0: Called Strike
3-1: Swinging Strike
3-2: Foul Ball, location: 2F
3-2: Ground out 6-3 (Groundball, 6)
Batting: SHB António Hernández 0-0: Ball
1-0: Ball
2-0: Called Strike
2-1: DOUBLE (Flyball, 8LXD)
Pitching: RHP Raúl Hernández
Batting: LHB Roberto Sandoval 0-0: Called Strike
0-1: Fly out, F4 (Line Drive, 4)
Batting: LHB Don Soper 0-0: Called Strike
0-1: Foul Ball, location: 2F
0-2: Strikes out swinging
Top of the 6th over - 0 run(s), 1 hit(s), 0 error(s), 1 left on base; Santa Fe 3 - Memphis 2
BOTTOM OF THE 6TH
Memphis Blues batting - Pitching for Santa Fe Diablos : LHP Sean Perry
Batting: LHB Félix García 0-0: Foul Ball, location: 2F
0-1: Ball
1-1: Called Strike
1-2: Fly out, F7 (Line Drive, 7D)
Batting: LHB Arturo Rivera 0-0: Fly out, F8 (Flyball, 8RXD)
Batting: RHB Sadao Kato 0-0: Swinging Strike
0-1: Ball
1-1: Foul Ball, location: 2F
1-2: Ball
2-2: SINGLE (Flyball, 6MD)
Batting: RHB Dave Wookey 0-0: Called Strike
0-1: Foul Ball, location: 2F
0-2: Ball
1-2: SINGLE (Groundball, 6MD)
Sadao Kato to second
Pitching: RHP Bartolo Muñóz
Batting: RHB Glenn Johnson 0-0: Called Strike
0-1: Ball
1-1: Foul Ball, location: 2F
1-2: Foul Ball, location: 2F
1-2: Ground out 5-3 (Groundball, 56)
Bottom of the 6th over - 0 run(s), 2 hit(s), 0 error(s), 2 left on base; Santa Fe 3 - Memphis 2
TOP OF THE 7TH
Santa Fe Diablos batting - Pitching for Memphis Blues : RHP Raúl Hernández
Batting: RHB Keith Jones 0-0: Swinging Strike
0-1: Ball
1-1: Ball
2-1: Foul Ball, location: 2F
2-2: Strikes out swinging
Batting: RHB Richard Wilkins 0-0: Ball
1-0: Swinging Strike
1-1: Ground out 5-3 (Groundball, 56S)
Batting: RHB Henning Huisman 0-0: Called Strike
0-1: Ball
1-1: Foul Ball, location: 2F
1-2: Ball
2-2: Foul Ball, location: 2F
2-2: Ground out 5-3 (Groundball, 5)
Top of the 7th over - 0 run(s), 0 hit(s), 0 error(s), 0 left on base; Santa Fe 3 - Memphis 2
BOTTOM OF THE 7TH
Memphis Blues batting - Pitching for Santa Fe Diablos : RHP Bartolo Muñóz
Batting: RHB Dale O'Feennaghty 0-0: Called Strike
0-1: Ball
1-1: Called Strike
1-2: Foul Ball, location: 2F
1-2: Ball
2-2: Strikes out swinging
Pitching: LHP Columbo Briatori
Batting: LHB Kieran Farris 0-0: Foul Ball, location: 2F
0-1: Swinging Strike
0-2: Ground out 3-1 (Groundball, 34)
Pitching: RHP Raúl Gómez
Batting: RHB Jorge Fuentes 0-0: SINGLE (Line Drive, 7S)
Batting: RHB Cal Keys 0-0: Ball
1-0: Ball
2-0: Foul Ball, location: 2F
2-1: Ball
3-1: Swinging Strike
3-2: Base on Balls
Jorge Fuentes to second
Batting: LHB Félix García 0-0: Ball
1-0: Fielders Choice at 2nd, U6 (Groundball, 6M)
Bottom of the 7th over - 0 run(s), 1 hit(s), 0 error(s), 2 left on base; Santa Fe 3 - Memphis 2
TOP OF THE 8TH
Santa Fe Diablos batting - Pitching for Memphis Blues : RHP Raúl Hernández
Batting: RHB Robinson Pacheco 0-0: Foul Ball, location: 2F
0-1: Ball
1-1: Ball
2-1: Ball
3-1: Base on Balls
Batting: RHB Wallace Greene 0-0: Ball
1-0: Ball
2-0: Fly out, F7 (Line Drive, 7LD)
Pitching: LHP Octávio Pérez
Batting: RHB Rafael Rincón 0-0: Ball
1-0: Called Strike
1-1: Swinging Strike
1-2: Strikes out swinging
Batting: SHB António Hernández 0-0: Swinging Strike
0-1: Called Strike
0-2: Ball
1-2: Ball
2-2: Strikes out swinging
Top of the 8th over - 0 run(s), 0 hit(s), 0 error(s), 1 left on base; Santa Fe 3 - Memphis 2
BOTTOM OF THE 8TH
Memphis Blues batting - Pitching for Santa Fe Diablos : RHP Raúl Gómez
Pitching: LHP Jerry Beck
Now at C: Michael Anderson
Batting: LHB Arturo Rivera 0-0: Called Strike
0-1: Ball
1-1: Fly out, F9 (Flyball, 9S)
Batting: RHB Sadao Kato 0-0: Called Strike
0-1: Ball
1-1: Ball
2-1: Ground out 6-3 (Groundball, 6M)
Batting: RHB Dave Wookey 0-0: Called Strike
0-1: Ball
1-1: SINGLE (Groundball, 6MD)
Pinch Hitting: RHB Dale Taylor 0-0: DOUBLE (Flyball, 7LM)
Dave Wookey to third
Runner from 3rd tries for Home, SAFE, no throw or cutoff
Batting: RHB Dale O'Feennaghty 0-0: Called Strike
0-1: Ball
1-1: Foul Ball, location: 2F
1-2: Fly out, F9 (Flyball, 89M)
Bottom of the 8th over - 1 run(s), 2 hit(s), 0 error(s), 1 left on base; Santa Fe 3 - Memphis 3
TOP OF THE 9TH
Santa Fe Diablos batting - Pitching for Memphis Blues : LHP Octávio Pérez
Pitching: RHP Lorenzo Diéguez
Now at 3B: Jorge Comacho
Batting: LHB Roberto Sandoval 0-0: Called Strike
0-1: Ball
1-1: Swinging Strike
1-2: Strikes out swinging
Batting: LHB Don Soper 0-0: Ball
1-0: Swinging Strike
1-1: DOUBLE (Line Drive, 89M)
Pinch Hitting: RHB Bill Finley 0-0: Intentional Walk
Pinch Hitting: RHB Júlio López 0-0: DOUBLE (Line Drive, 9LM)
Don Soper scores
Bill Finley to third
Pinch Hitting: LHB Juan Ontiveros 0-0: Ball
1-0: Called Strike
1-1: Swinging Strike
1-2: Ball
2-2: Foul Ball, location: 2F
2-2: Ball
3-2: Base on Balls
Batting: RHB Robinson Pacheco 0-0: Called Strike
0-1: Ball
1-1: Ball
2-1: Foul Ball, location: 2F
2-2: Foul Ball, location: 2F
2-2: Fly out, F5 (Line Drive, 56)
Batting: RHB Michael Anderson 0-0: Ball
1-0: Called Strike
1-1: Fly out, F8 (Flyball, 8LM)
Top of the 9th over - 1 run(s), 2 hit(s), 0 error(s), 3 left on base; Santa Fe 4 - Memphis 3
BOTTOM OF THE 9TH
Memphis Blues batting - Pitching for Santa Fe Diablos : LHP Jerry Beck
Pitching: RHP Jonathan Long
Now at SS: Bill Finley
Now in LF: Gerardo Álvarez
Now in RF: Juan Ontiveros
Batting: LHB Kieran Farris 0-0: SINGLE (Groundball, 13) (infield hit)
Pinch Runner at 1st Peyton Pennington:
Batting: RHB Jorge Fuentes 0-0: Ball
1-0: Reached on error, E1 (Groundball, 13S)
Peyton Pennington to second
Batting: RHB Cal Keys 0-0: Foul Ball, location: 2F
0-1: SINGLE (Line Drive, 8RS)
Peyton Pennington to third
Jorge Fuentes to second
Batting: LHB Félix García 0-0: Grounds into double play, 3-2-3 (Groundball, 23)
Jorge Fuentes to third
Cal Keys to second
Batting: LHB Arturo Rivera 0-0: Ground out 5-3 (Groundball, 15S)
Bottom of the 9th over - 0 run(s), 2 hit(s), 1 error(s), 2 left on base; Santa Fe 4 - Memphis 3
This league is powered by Out of the Park Baseball, the baseball management simulation game for PC, Mac and Linux
Wednesday, December 2nd, 2015 - OOTP Baseball 16.8 Build 38